 Dungeon Crawl Stone Soup version 0.25-a0-1024-gbfbf38f2cb (webtiles) character file.

Game seed: 856707110855146877, levelgen mode: deterministic

43 Flugslaktarn the Skirmisher (level 3, -2/26 HPs)
             Began as an Octopode Fighter on May 12, 2020.
             Slain by Grinder (8 damage)
             ... on level 3 of the Dungeon.
             The game lasted 00:00:41 (2100 turns).

Flugslaktarn the Skirmisher (Octopode Fighter)      Turns: 2100, Time: 00:00:41

Health: -2/26      AC:  1    Str: 16    XL:     3   Next: 58%
Magic:  3/3        EV: 11    Int: 10    God:
Gold:   70         SH:  8    Dex: 11    Spells: 2/2 levels left

rFire    . . .     SeeInvis .   a - +0 war axe
rCold    . . .     Gourm    .   b - +0 kite shield
rNeg     . . .     Faith    .   (helmet restricted)
rPois    .         Spirit   .   (no amulet)
rElec    .         Reflect  .   (no ring)
rCorr    .         Harm     .   (no ring)
MR       .....                  (no ring)
Stlth    ++........             (no ring)
HPRegen  0.08/turn              (no ring)
MPRegen  0.08/turn              (no ring)
                                (no ring)
                                (no ring)

@: no status effects
A: almost no armour, stealthy swim, amphibious, 8 rings, constrict 8, camouflage
1, gelatinous body 1
a: no special abilities


You were on level 3 of the Dungeon.
You were not hungry.

You visited 1 branch of the dungeon, and saw 3 of its levels.

You collected 70 gold pieces.

Inventory:

Hand Weapons
 a - a +0 war axe (weapon)
Armour
 b - a +0 kite shield (worn)
Jewellery
 m - a +5 ring of strength {unknown}
   (You found it on level 1 of the Dungeon)
Scrolls
 h - 5 scrolls of identify {unknown}
 i - 2 scrolls of teleportation {unknown}
 j - a scroll of fog {unknown}
 k - 3 scrolls of remove curse {unknown}
 o - a scroll of blinking {unknown}
Potions
 d - 3 potions of might
 e - 2 potions of mutation {unknown}
 f - a potion of invisibility {unknown}
 g - a potion of curing {unknown}
 l - 2 potions of cancellation {unknown}
 n - a potion of heal wounds {unknown}
Comestibles
 c - 6 rations
 p - a chunk of flesh


   Skills:
 + Level 3.3 Fighting
 * Level 2.9 Axes
 + Level 3.3 Dodging
 + Level 3.3 Shields


You had 2 spell levels left.
You didn't know any spells.
Your spell library was empty.

Dungeon Overview and Level Annotations

Branches:
Dungeon (3/15)

Altars:

Annotations:
D:3 Grinder


Innate Abilities, Weirdness & Mutations

You cannot wear most types of armour.
You are very stealthy in the water. (Stealth+)
You are amphibious.
You can wear up to eight rings at the same time.
You can use your tentacles to constrict eight enemies at once.
Your skin changes colour to match your surroundings (Stealth+).
Your rubbery body absorbs attacks. (AC +1, EV +1)


Message History

Grinder completely misses you. Grinder hits you!
You writhe in agony.
You slash Grinder! Your grab misses Grinder.
Grinder is severely wounded.
Grinder gestures at you. Pain shoots through your body!
* * * LOW HITPOINT WARNING * * *
You are too injured to fight recklessly!
You are too injured to fight recklessly!
You are too injured to fight recklessly!
You are too injured to fight recklessly!
You are too injured to fight recklessly!
You are too injured to fight recklessly!
You are too injured to fight recklessly!
You are too injured to fight recklessly!
Unknown command.
You barely miss Grinder. You grab Grinder.
You squeeze Grinder, but do no damage.
Grinder is severely wounded.
You constrict Grinder. Grinder hits you!
You die...

#. ##.######
#.......###
#.........
#.......#
#####......
###........#####.##
...........@5......
#........########
####............
#.########### #.#
#.# #.# #.# #.#


You could see Grinder.

Vanquished Creatures
  2 dart slugs
  3 leopard geckos
  2 ball pythons (D:1)
  3 goblins
  4 hobgoblins
  7 kobolds
  A quokka (D:3)
  3 bats
  8 frilled lizards
  3 rats (D:1)
36 creatures vanquished.

Notes
Turn   | Place    | Note
-------+----------+-------------------------------------------
     0 | D:1      | Flugslaktarn the Octopode Fighter began the quest for the
                  | Orb.
     0 | D:1      | Reached XP level 1. HP: 16/16 MP: 1/1
   186 | D:1      | Reached XP level 2. HP: 21/21 MP: 2/2
   859 | D:2      | Reached XP level 3. HP: 26/26 MP: 3/3
  2091 | D:3      | Noticed Grinder
  2100 | D:3      | Slain by Grinder

Illustrated notes

Levels and vault maps discovered:
D:1:      mushboom_english_gardens, layout_basic
D:2:      layout_basic, chequers_serial_rivers_marsh, minivault_14
D:3:      layout_basic, uniq_grinder

Action                   || total
-------------------------++-------
Melee: War axe           ||    62
       Constrict         ||    17
       Tentacles         ||    12
 Stab: Sleeping          ||     9
  Eat: Chunk             ||     4
Armor: Skin              ||     1
Dodge: Dodged            ||    33
Block: Kite shield       ||    21

Table legend:
 A = Non-vault XP
 B = Vault XP
 C = Vault XP percentage of total XP
 D = Non-vault monster count
 E = Vault monster count
 F = Vault count percentage of total count
                 A         B        C        D         E       F
            +---------+---------+-------+---------+---------+-------
      Total |      62 |       0 |   0.0 |      36 |       0 |   0.0
            +---------+---------+-------+---------+---------+-------
        D:1 |      33 |       0 |   0.0 |      18 |       0 |   0.0
        D:2 |      17 |       0 |   0.0 |      13 |       0 |   0.0
        D:3 |      12 |       0 |   0.0 |       5 |       0 |   0.0
            +---------+---------+-------+---------+---------+-------
